 Dungeon Crawl Stone Soup version 0.30-a0-779-g7971cf19c3 (webtiles) character file.

Game seed: 1231169484575351471

2 Goldberg the Insei (level 1, -1/15 HPs)
             Began as a Human Wanderer on Feb 17, 2023.
             Slain by a jackal (2 damage)
             ... on level 1 of the Dungeon.
             The game lasted 00:01:01 (125 turns).

Goldberg the Insei (Human Wanderer)                  Turns: 125, Time: 00:01:02

Health: -1/15      AC:  2    Str: 11    XL:     1   Next: 44%
Magic:  2/2        EV: 11    Int: 11    God:
Gold:   0          SH:  0    Dex: 14    Spells: 1/2 levels left

rFire   . . .      SeeInvis .    a - +0 dagger
rCold   . . .      Faith    .    (no shield)
rNeg    . . .      Spirit   .    e - +0 robe
rPois   .          Reflect  .    (no helmet)
rElec   .          Harm     .    (no cloak)
rCorr   .          Rampage  .    (no gloves)
Will    .....                    (no boots)
Stlth   +                        (no amulet)
HPRegen 0.22/turn                (no ring)
MPRegen 0.08/turn                (no ring)

@: no status effects
A: no striking features
a: no special abilities


You were on level 1 of the Dungeon.
You visited 1 branch of the dungeon, and saw 1 of its levels.

Inventory:

Hand Weapons
 a - a +0 dagger (weapon)
Armour
 e - a +0 robe (worn)
Scrolls
 d - a scroll of fog
 f - a scroll of fear
 h - a scroll of vulnerability {unknown}
Potions
 b - a potion of haste
 g - a potion of degeneration {unknown}


   Skills:
 + Level 1.0 Fighting
 + Level 1.0 Armour
 + Level 3.1 Unarmed Combat
 + Level 1.0 Spellcasting
 + Level 1.0 Hexes
 + Level 3.0 Evocations


You had one spell level left.
You knew the following spells:

 Your Spells              Type           Power      Damage    Failure   Level
a - Slow                  Hex            8%         N/A       22%         1

Your spell library contained the following spells:

 Spells                   Type           Power      Damage    Failure   Level
 Confusing Touch          Hex            2%         N/A       54%         3


Dungeon Overview and Level Annotations

Branches:
Dungeon (1/15)

Altars:


Message History

A jackal and a goblin come into view.
The goblin shouts!
A jackal comes into view.
The jackal barks!
A quokka comes into view.
The jackal closely misses you. The goblin hits you but does no damage.
The jackal barks! x2
You hit the jackal.
The jackal is heavily wounded.
The jackal bites you. The goblin hits you with a +0 club.
A hobgoblin comes into view.
The jackal barely misses you. The goblin hits you with a +0 club.
The jackal bites you but does no damage.
The jackal bites you but does no damage.
The goblin hits you but does no damage.
The hobgoblin shouts!
The jackal bites you. The goblin barely misses you.
The jackal closely misses you. The jackal barely misses you.
The goblin barely misses you.
The jackal bites you but does no damage.
The goblin hits you but does no damage. The jackal bites you.
The jackal barely misses you. The jackal closely misses you.
The goblin misses you. The jackal bites you.
The jackal misses you. x2; The goblin completely misses you.
The jackal bites you but does no damage. x2
The goblin hits you with a +0 club.
* * * LOW HITPOINT WARNING * * *
The jackal closely misses you.
The jackal bites you but does no damage.
The jackal misses you.
The jackal bites you but does no damage.
The goblin hits you but does no damage. The jackal closely misses you.
The jackal bites you.
* * * LOW HITPOINT WARNING * * *
The goblin closely misses you.
The jackal bites you but does no damage.
The jackal bites you.
* * * LOW HITPOINT WARNING * * *
The jackal bites you.
You die...

#.....# #.....# ##
###.....# .
........###.#
..........#.
......gh...
#.rgh#.#### #
#####@#....#.#
#.....h.......
#.........#.##
#....)....#.# .
#....(....#.#
###..
#.........#.##....
#.........#.....
#....)....#.#.#
#.#.#.###..>..#


You could see a quokka, 3 jackals, a hobgoblin and a goblin.

Vanquished Creatures
  A kobold (D:1)
  2 ball pythons (D:1)
3 creatures vanquished.

Notes
Turn   | Place    | Note
-------+----------+-------------------------------------------
     0 | D:1      | Goldberg the Human Wanderer began the quest for the Orb.
     0 | D:1      | Goldberg set off with the following items: a +0 dagger, a
                  | potion of haste, a wand of polymorph (3), a scroll of fog,
                  | a +0 robe, a scroll of fear; and the following spell
                  | memorised: Slow; and the following spells available to
                  | memorise: Confusing Touch.
     0 | D:1      | Reached XP level 1. HP: 15/15 MP: 2/2
   125 | D:1      | Slain by a jackal

Illustrated notes

Levels and vault maps discovered:
D:1:      mrwooster_arrival_statue_3, layout_basic, minmay_statues_item,
          minmay_heptomino_h4

Action                     || total
---------------------------++-------
  Melee: Dagger            ||     4
  Evoke: Wand              ||     3
 Armour: Robe              ||    12
  Dodge: Dodged            ||    18

Table legend: (Time is in decaauts)
 A = Elapsed time spent in this place.
 B = Non-inter-level travel time spent in this place.
 C = Inter-level travel time spent in this place.
 D = Time resting spent in this place.
 E = Time spent auto-exploring this place.
 F = Levels seen in this place.
 G = Mean time per level.
                   A        B        C        D        E       F      G
               +--------+--------+--------+--------+--------+-----+--------+
         Total |    125 |    125 |      0 |     25 |     30 |   1 |  125.0 |
       Dungeon |    125 |    125 |      0 |     25 |     30 |   1 |  125.0 |
               +--------+--------+--------+--------+--------+-----+--------+

Top non-repeatable levels by time:
     D:1: 125 daAuts
